 Dungeon Crawl Stone Soup version 0.30-a0-964-gd452b5e7fa (webtiles) character file.

Game seed: 1236401098415100522

593723 cforsyth the Conqueror (level 27, -4/233 (249) HPs)
             Began as a Formicid Fighter on Mar 30, 2023.
             Was the Champion of Ru.
             Slain by a Killer Klown
             ... wielding a +12 club
              (7 damage)
             ... on level 1 of the Depths.
             The game lasted 02:34:28 (76287 turns).

cforsyth the Conqueror (Formicid Fighter)          Turns: 76287, Time: 02:34:29

HP:   -4/233 (249)  AC: 18    Str: 41    XL:     27
MP:   36/39         EV:  9    Int: 14    God:    Ru [******]
Gold: 8570          SH: 30    Dex: 19    Spells: 50/50 levels left

rFire   + + .      SeeInvis +    o - +9 great mace (flame)
rCold   + + +      Faith    .    h - +4 tower shield "Folautwu" {Rampage rC+ Int+3}
rNeg    + . .      Spirit   .    J - +7 gold dragon scales
rPois   +          Reflect  .    (helmet unavailable)
rElec   +          Rampage  +    y - +0 cloak of Lafan {-Tele rC+ Stlth+}
rCorr   .                        t - +2 pair of gloves
Will    +++..                    Y - +0 pair of boots "Jyssar" {Str+3 Dex+3} Stlth
                                 z - amulet "Noevick" {Will+ Regen+ Dex+3 SInv}
HPRegen 1.38/turn                R - ring of protection from fire
MPRegen 0.26/turn                c - ring of Lugonu, Thieving {rElec rN+ Str+6}

@: exhausted, corroded, studying 2 skills, drained, invisible
A: permanent stasis, dig shafts and tunnels, antennae 3, no stealth, inability
to use devices, hated by all, inability to train dodging, no air magic, no
conjurations magic, no transmutations magic, four strong arms
}: 3/15 runes: decaying, serpentine, silver
a: Dig, Shaft Self, Renounce Religion, Draw Out Power, Power Leap, Apocalypse


You were on level 1 of the Depths.
You worshipped Ru.
Ru was exalted by your worship.
You visited 10 branches of the dungeon, and saw 47 of its levels.
You visited 1 ziggurat, and saw 14 of its levels.
You also visited: Bailey, Gauntlet, Ice Cave, Volcano and Wizlab.

You collected 9100 gold pieces.
You spent 530 gold pieces at shops.

Inventory:

Hand Weapons
 o - a +9 great mace of flaming (weapon)
 v - the +8 great mace "Haucim" {holy, *Noise rC+ Str+5 Dex+3}
   (You found it on level 12 of a ziggurat)

   Str:       It affects your strength (+5).
   Dex:       It affects your dexterity (+3).
   rC:        It protects you from cold.
   *Noise:    It may make noises in combat.
Armour
 e - a +0 pair of boots of stealth
 h - the +4 tower shield "Folautwu" (worn) {Rampage rC+ Int+3}
   (You found it in a bailey)

   Int:       It affects your intelligence (+3).
   rC:        It protects you from cold.
   Rampage:   It bestows one free step when moving towards enemies.
 i - a +3 plate armour of positive energy
 m - the +1 cloak of Distant Worlds {rF+}
   (You found it in a wizard's laboratory)

   rF:        It protects you from fire.
 t - a +2 pair of gloves (worn)
 y - the +0 cloak of Lafan (worn) {-Tele rC+ Stlth+}
   (You found it on level 5 of the Dungeon)

   rC:        It protects you from cold.
   -Tele:     It prevents most forms of teleportation.
   Stlth:     It makes you more stealthy.
 J - +7 gold dragon scales (worn)
 Y - the +0 pair of boots "Jyssar" (worn) {Str+3 Dex+3}
   (You found it on level 1 of the Vaults)

   Str:       It affects your strength (+3).
   Dex:       It affects your dexterity (+3).
Jewellery
 a - a ring of willpower
 c - the ring of Lugonu, Thieving (right hand) {rElec rN+ Str+6}
   (You took it off a deep elf annihilator on level 3 of the Elven Halls)

   [ring of strength]

   Str:       It affects your strength (+6).
   rElec:     It insulates you from electricity.
   rN:        It protects you from negative energy.
 p - a ring of protection from cold
 q - the amulet "Antu" {rPois Regen+}
   (You took it off a salamander on level 1 of the Snake Pit)

   [amulet of regeneration]

   rPois:     It protects you from poison.
   Regen:     It increases your rate of health regeneration.
 r - a ring of protection from fire
 w - the ring of the Blue Skies {Fire Str+4 Int-2 Stlth+}
   (You found it on level 13 of a ziggurat)

   [ring of fire]

   It enhances your fire magic.
   Str:       It affects your strength (+4).
   Int:       It affects your intelligence (-2).
   rF:        It protects you from fire.
   rC:        It makes you vulnerable to cold.
   Stlth:     It makes you more stealthy.
 z - the amulet "Noevick" (around neck) {Will+ Regen+ Dex+3 SInv}
   (You took it off a deep elf death mage on level 3 of the Elven Halls)

   [amulet of regeneration]

   Dex:       It affects your dexterity (+3).
   SInv:      It lets you see invisible.
   Regen:     It increases your rate of health regeneration.
   Will:      It increases your willpower.
 A - the ring of Dottix {rF+ rCorr}
   (You took it off a naga on level 2 of the Snake Pit)

   [ring of resist corrosion]

   rF:        It protects you from fire.
   rCorr:     It protects you from acid and corrosion.
 D - the amulet of Utoss {Drain rElec rF+ Regen+ Int+3}
   (You found it on level 5 of the Vaults)

   [amulet of regeneration]

   Int:       It affects your intelligence (+3).
   rF:        It protects you from fire.
   rElec:     It insulates you from electricity.
   Regen:     It increases your rate of health regeneration.
   Drain:     It drains your maximum health when unequipped.
 E - the ring "Pughuxt" {Fly Dex+3}
   (You found it in a wizard's laboratory)

   [ring of flight]

   Dex:       It affects your dexterity (+3).
   Fly:       It grants you flight.
 G - a ring of wizardry
 H - the ring "Nodi" {rC+ Will++ rCorr}
   (You found it on level 3 of a ziggurat)

   [ring of protection from cold]

   rC:        It protects you from cold.
   rCorr:     It protects you from acid and corrosion.
   Will:      It greatly increases your willpower.
 K - the ring of Zeokk {rC+ Str+3 SInv}
   (You found it on level 4 of a ziggurat)

   [ring of protection from cold]

   Str:       It affects your strength (+3).
   rC:        It protects you from cold.
   SInv:      It lets you see invisible.
 L - a ring of protection from cold
 N - the ring of Wufuhong {rPois MP+9}
   (You bought it in a shop on level 2 of the Orcish Mines)

   [ring of magical power]

   rPois:     It protects you from poison.
   MP:        It affects your magic capacity (+9).
 Q - the ring "Muompot" {EV+5 Slay+3}
   (You found it on level 11 of a ziggurat)

   [ring of evasion]

   EV:        It affects your evasion (+5).
   Slay:      It affects your accuracy & damage with ranged weapons and melee
   (+3).
 R - a ring of protection from fire (left hand)
 S - the amulet "Iryd Woc" {RegenMP Int+4}
   (You took it off a deep elf high priest on level 3 of the Elven Halls)

   [amulet of magic regeneration]

   It increases your rate of magic regeneration.
   Int:       It affects your intelligence (+4).
 W - the macabre finger necklace {Finger+ rN+}
   (You found it on level 4 of the Swamp)

   [amulet of nothing]

   Finger+:   It enables you to equip an extra ring.
   rN:        It protects you from negative energy.
Scrolls
 b - 3 scrolls of enchant armour
 k - 8 scrolls of poison
 s - 15 scrolls of fog
 u - 12 scrolls of fear
 F - 4 scrolls of silence
 T - 5 scrolls of magic mapping
Potions
 d - 14 potions of might
 f - 7 potions of attraction
 g - 7 potions of ambrosia
 j - 30 potions of curing
 l - 18 potions of flight
 n - 5 potions of cancellation
 x - 10 potions of brilliance
 B - 11 potions of mutation
 C - 8 potions of magic
 I - 3 potions of heal wounds
 O - 5 potions of invisibility
 P - 11 potions of lignification
 X - a potion of resistance


   Skills:
 O Level 27 Fighting
 O Level 27 Maces & Flails
 O Level 27 Armour
 O Level 27 Shields
 + Level 12.2 Spellcasting
 - Level 7.3 Ice Magic


You had 50 spell levels left.
You didn't know any spells.
Your spell library contained the following spells:

 Spells                   Type           Power      Damage    Failure   Level
 Frozen Ramparts          Ice            58%        1d9       4%          3
 Ozocubu's Armour         Ice            29%        N/A       4%          3
 Ensorcelled Hibernation  Hex/Ice        36%        N/A       10%         2
 Apportation              Tloc           16%        N/A       28%         1
 Slow                     Hex            32%        N/A       28%         1
 Lesser Beckoning         Tloc           16%        N/A       41%         2
 Sublimation of Blood     Necr           8%         N/A       41%         2
 Gell's Gravitas          Tloc           8%         N/A       65%         3
 Inner Flame              Hex/Fire       8%         N/A       65%         3
 Portal Projectile        Hex/Tloc       16%        N/A       65%         3
 Teleport Other           Tloc           8%         N/A       65%         3
 Vampiric Draining        Necr           8%         2d6       65%         3
 Metabolic Englaciation   Hex/Ice        9%         N/A       87%         5
 Anguish                  Hex/Necr       4%         N/A       96%         4
 Cause Fear               Hex            4%         N/A       96%         4
 Leda's Liquefaction      Hex/Erth       4%         N/A       96%         4
 Manifold Assault         Tloc           8%         N/A       96%         4
 Olgreb's Toxic Radiance  Pois           8%         N/A       96%         4
 Passage of Golubria      Tloc           8%         N/A       96%         4
 Borgnjor's Vile Clutch   Necr/Erth      4%         N/A       100%        5
 Lee's Rapid Deconstruct  Erth           4%         3d5*      100%        5
 Dispersal                Tloc           4%         N/A       100%        6
 Enfeeble                 Hex            4%         N/A       100%        7
 Borgnjor's Revivificati  Necr           4%         N/A       100%        8
 Discord                  Hex            4%         N/A       100%        8
 Disjunction              Tloc           4%         N/A       100%        8
 Death's Door             Necr           4%         N/A       100%        9
 Polar Vortex             Ice            14%        N/A       100%        9
 Sting                    Tmut/Pois      Unusable   1d4       N/A         1
 Blink                    Tloc           Unusable   N/A       N/A         2
 Passwall                 Tmut/Erth      Unusable   N/A       N/A         2
 Poisonous Vapours        Pois/Air       Unusable   N/A       N/A         2
 Wereblood                Tmut           Unusable   N/A       N/A         2
 Ice Form                 Ice/Tmut       Unusable   N/A       N/A         4
 Summon Ice Beast         Ice/Summ       Unusable   N/A       N/A         4
 Call Canine Familiar     Summ           Unusable   N/A       N/A         3
 Dazzling Flash           Conj/Hex       Unusable   N/A       N/A         3
 Kindle Blastsparks       Fire/Tloc/Air  Unusable   2d11      N/A         3
 Spider Form              Tmut/Pois      Unusable   N/A       N/A         3
 Swiftness                Air            Unusable   N/A       N/A         3
 Tukima's Dance           Hex            Unusable   N/A       N/A         3
 Animate Dead             Necr           Unusable   N/A       N/A         4
 Iskenderun's Mystic Bla  Conj/Tloc      Unusable   2d4       N/A         4
 Petrify                  Tmut/Erth      Unusable   N/A       N/A         4
 Freezing Cloud           Conj/Ice/Air   Unusable   6-21      N/A         5
 Alistair's Intoxication  Tmut/Pois      Unusable   N/A       N/A         5
 Blade Hands              Tmut           Unusable   N/A       N/A         5
 Irradiate                Conj/Tmut      Unusable   3d13      N/A         5
 Summon Forest            Summ/Tloc      Unusable   N/A       N/A         5
 Simulacrum               Ice/Necr       Unusable   N/A       N/A         6
 Starburst                Conj/Fire      Unusable   6d3       N/A         6
 Statue Form              Tmut/Erth      Unusable   N/A       N/A         6
 Storm Form               Tmut/Air       Unusable   N/A       N/A         7
 Summon Hydra             Summ           Unusable   N/A       N/A         7
 Necromutation            Tmut/Necr      Unusable   N/A       N/A         8

Dungeon Overview and Level Annotations

Branches:
Dungeon (15/15)            Temple (1/1) D:4            Lair (5/5) D:10
  Swamp (4/4) Lair:2        Snake (4/4) Lair:3        Slime (0/5) Lair:5
    Orc (2/2) D:11            Elf (3/3) Orc:2        Vaults (5/5) D:14
  Crypt (0/3) Vaults:2     Depths (4/4) D:15            Zot (4/5) Depths:4
 Bailey (visited)           IceCv (visited)         Volcano (visited)
 WizLab (visited)         Gauntlet (visited)

Altars:
Ashenzari
Cheibriados
Dithmenos
Elyvilon
Gozag
Kikubaaqudgha
Makhleb
Nemelex Xobeh
Okawaru
Qazlal
Ru
Sif Muna
Trog
Uskayaw
Vehumet
Wu Jian
Xom
Zin
The Shining One

Shops:
D:7 *   D:10 ?   D:12 ?   Orc:2 [=*(   Snake:1 =::=:   Vaults:1 [**(
Vaults:2 !(((   Vaults:5 ?(   Depths:1 *[

Portals:
Hell: Lair:5 Depths:1 Depths:2 Depths:3 Depths:4
Abyss: Depths:1 Depths:2 Depths:3
Pandemonium: Depths:2 Depths:4
Trove: Vaults:2 (give +4 ice dragon scales)

Annotations:
Zot:4 2 transporters, exclusion: obsidian statue


Innate Abilities, Weirdness & Mutations

You cannot be hasted, slowed, berserked, paralysed or teleported.
You can dig through walls and to a lower floor.
You have a pair of large antennae on your head. (SInv)
You cannot be stealthy.
You cannot study or use magical devices.
You are hated by all.
You cannot train Dodging skill.
You cannot study or cast Air magic.
You cannot study or cast Conjurations magic.
You cannot study or cast Transmutations magic.
Your four strong arms can wield two-handed weapons with a shield.


Message History

Press: ? - help, v - describe, . - travel, g - get item
Here: Oziytebe (moderately wounded) Item here: a staff of poison.
The floor.
Unknown command.
You cannot drink potions in your current state!
Are you sure you want to leave this ziggurat?
Oziytebe hits you. Oziytebe corrodes you! You block the Killer Klown's attack.
Xurang sneers, "Despair, thou tasty snacklet!"
Xurang begins to attack, but is stunned by your conviction!
Oziytebe hits you. Oziytebe corrodes you!
Welcome back to the Depths!
There is an empty arch of ancient stone here.
Oziytebe begins to attack, but is stunned by your conviction!
The Killer Klown begins to attack, but is stunned by your conviction!
The Killer Klown attacks as you move away!
You block the Killer Klown's attack. Oziytebe hits you!!!
* * * LOW HITPOINT WARNING * * *
Oziytebe corrodes you! Oziytebe attacks as you move away!
You block Oziytebe's attack.
The Killer Klown begins to attack, but is stunned by your conviction!
Oziytebe hits you!
* * * LOW HITPOINT WARNING * * *
Oziytebe corrodes you! You block Oziytebe's attack.
Okay, then.
Unknown command.
Unknown command.
Are you sure you want to shaft yourself?
Oziytebe hits you!!
* * * LOW HITPOINT WARNING * * *
Oziytebe corrodes you! Oziytebe hits you!!!
* * * LOW HITPOINT WARNING * * *
Oziytebe corrodes you!
You begin to dig a shaft.
You continue digging a shaft.
You can drink potions again.
You redirect Oziytebe's attack!
Oziytebe hits the Killer Klown.
Oziytebe corrodes the Killer Klown!
The Killer Klown pounds you with a +12 club!
You die...

#.. #.. #.. ##.. ##...
#####################....
#.....................###
##......p.............#...
#.......&@...........#....
#.......#######...##.#...∩
#.......# #...##.#..#.
#.......# #...##.#..#.
#...∩...# #...##..#.[#
##.......#######...###..#..
#........................#)
#...(......................
#..........................


You could see Oziytebe (distracted) and a Killer Klown (corroded, magic
disrupted).

Vanquished Creatures
  2 dread liches
  Mennas (Vaults:5)
  An ancient lich (Zot:1)
  A juggernaut (Zig:8)
  2 shard shrikes (Zig:5)
  A Killer Klown (Zig:14)
  Frederick (Vaults:4)
  Xtahua (Vaults:4)
  A curse toe (Zot:3)
  A caustic shrike (Zig:10)
  Nikola (Depths:1)
  8 golden dragons
  3 bone dragons
  the Enchantress (Depths:3)
  2 iron giants (Zig:6)
  3 doom hounds
  2 hellephants
  6 liches
  17 tentacled monstrosities
  A walking frostbound tome (Depths:4)
  A titan (Vaults:5)
  3 deep elf blademasters
  7 quicksilver dragons
  Zenata (Elf:1)
  Grunn (Depths:1)
  The ghost of patfeehan111222 the Executioner, an adept MiBe of Trog (Snake:2)
  3 deep elf master archers
  2 tentacled starspawn (WizLab)
  An eldritch tentacle (WizLab)
  Gastronok (D:10)
  9 tengu reavers
  3 sphinxes
  9 death cobs
  An ancient champion (Zig:13)
  11 shadow dragons
  4 thorn hunters
  A fenstrider witch (Swamp:4)
  5 draconian monks
  11 storm dragons
  An azure jelly (shapeshifter) (Zig:14)
  20 nagarajas
  Donald (Swamp:1)
  2 revenants (Zig:7)
  A nargun (Zig:5)
  A draconian knight (Zot:3)
  8 fire giants
  5 iron dragons
  6 frost giants
  8 deep elf sorcerers
  2 balrugs (Zig:4)
  9 vault wardens
  2 ghost moths
  2 draconian scorchers
  5 draconian annihilators
  Louise (Depths:1)
  2 deep elf elementalists (Elf:3)
  2 draconian stormcallers
  Aizul (Snake:4)
  A cacodemon (WizLab)
  3 orc warlords
  3 draconian shifters
  17 ironbound preservers
  A ghoul (Zig:13)
  31 very ugly things
  3 spriggan defenders (Depths:3)
  4 reapers
  3 war gargoyles
  9 ironbound thunderhulks
  The ghost of Jumeycle the Earth Mage, a journeyman GrEE of Vehumet (D:15)
  18 stone giants
  The ghost of Ties the Spry, a journeyman SpEn of Wu Jian (Snake:1)
  10 vampire knights
  10 yellow draconians
  17 green draconians
  2 demonspawn black suns (Zig:7)
  9 eleionomae
  12 deep elf demonologists
  3 bunyips
  6 white draconians
  Azrael (Orc:2)
  10 spark wasps
  6 purple draconians
  9 deep elf annihilators
  A putrid mouth (Depths:1)
  13 black draconians
  9 red draconians
  18 dire elephants
  A minotaur (Gauntlet)
  3 eidola
  2 crystal guardians
  A merfolk impaler (D:14)
  Snorg (Lair:5)
  13 deep elf death magi
  2 merfolk javelineers (Zig:9)
  6 fire dragons
  9 ettins
  6 deep elf high priests (Elf:3)
  An entropy weaver (shapeshifter) (D:15)
  2 shambling mangroves
  2 entropy weavers
  10 ice dragons
  Josephine (Lair:5)
  10 yaktaur captains
  4 peacekeepers
  6 ghost crabs
  4 great orbs of eyes
  4 spriggan air magi
  6 rakshasas
  A hell beast (Depths:4)
  A catoblepas (D:13)
  A merfolk avatar (D:14)
  2 ogre magi
  10 ironbound frosthearts
  23 hydras
  14 anacondas
  An anaconda (shapeshifter) (D:15)
  35 vault guards
  13 alligators
  8 two-headed ogres
  5 salamander tyrants
  18 centaur warriors
  11 tengu warriors
  4 hell hogs
  10 boulder beetles
  7 deep troll earth magi
  2 satyrs (Zig:9)
  10 deep troll shamans
  23 dancing weapons
  2 death knights (D:14)
  23 naga warriors
  6 orc high priests
  4 death yaks
  A shock serpent (shapeshifter) (Zig:14)
  6 vampire magi
  8 spriggan berserkers
  15 shock serpents
  A sun demon (Lair:5)
  A soul eater (Depths:4)
  2 thrashing horrors
  18 naga sharpshooters
  14 hell knights
  16 iron trolls
  22 deep elf knights
  Nergalle (Orc:2)
  2 shadow wraiths
  2 goliath frogs
  4 spriggans
  4 salamander mystics
  An orb spider (shapeshifter) (Depths:3)
  2 sea snakes (Snake:3)
  2 large abominations (Elf:3)
  2 shadow demons (Depths:1)
  2 flayed ghosts
  10 skeletal warriors
  3 swamp dragons
  3 spriggan druids (Zig:10)
  9 glowing orange brains
  6 bog bodies
  5 naga ritualists
  A swamp dragon (shapeshifter) (D:9)
  10 deep elf archers
  68 deep trolls
  An obsidian statue (WizLab)
  A tengu zombie (Depths:3)
  8 wizards
  14 ironbound convokers
  7 lindwurms
  An iron dragon zombie (Depths:3)
  An orange crystal statue (D:15)
  11 harpies
  16 necromancers
  15 orc knights
  3 phantasmal warriors
  36 deep elf pyromancers
  A tengu skeleton (Vaults:2)
  A mana viper (shapeshifter) (Depths:1)
  14 mana vipers
  35 deep elf zephyrmancers
  40 ugly things
  A faun (shapeshifter) (Zig:14)
  3 manticores (D:14)
  2 fauns (Zig:9)
  3 orc sorcerers
  A wolf spider (Lair:5)
  11 cyclopes
  6 will-o-the-wisps
  A worldbinder (WizLab)
  21 elephants
  A stone giant skeleton (Vaults:2)
  27 moths of wrath
  12 salamanders
  3 apocalypse crabs
  15 guardian serpents
  4 elephants (shapeshifter)
  An iron dragon skeleton (Depths:3)
  17 vault sentinels
  51 black mambas
  An eye of devastation (shapeshifter) (Zig:14)
  2 gargoyles
  2 smoke demons
  24 naga magi
  13 cane toads
  2 ice statues (IceCv)
  3 torpor snails
  2 minotaur zombies (Gauntlet)
  6 kobold demonologists
  A rime drake (shapeshifter) (Zig:2)
  2 elf skeletons (Vaults:2)
  A hellion (Zig:4)
  37 yaktaurs
  An unseen horror (D:10)
  3 rime drakes
  10 komodo dragons
  2 tengu conjurers
  2 tormentors (Depths:1)
  Psyche (D:9)
  6 freezing wraiths
  2 efreet
  2 ancient zymes (WizLab)
  8 ice devils
  An anaconda simulacrum (IceCv)
  2 red devils (Lair:5)
  9 trolls
  A hellwing (WizLab)
  A meliai (shapeshifter) (Vaults:4)
  A troll (shapeshifter) (Elf:1)
  12 tyrant leeches
  4 bloated husks
  4 polar bears
  8 hornets
  A tarantella (Vaults:5)
  2 raiju
  20 blink frogs
  A jumping spider (Vaults:2)
  2 slime creatures (shapeshifter)
  2 air elementals
  43 slime creatures
  2 ettin skeletons (Vaults:2)
  A culicivora (Vaults:2)
  7 wraiths
  A dire elephant simulacrum (IceCv)
  2 fire dragon skeletons (WizLab)
  5 water elementals
  42 yaks
  5 basilisks
  3 small abominations (Gauntlet)
  7 fire elementals
  3 steam dragons
  6 redbacks
  4 vampire mosquitoes
  2 wyverns
  2 chaos spawn
  A death yak simulacrum (IceCv)
  A redback (shapeshifter) (Depths:1)
  The ghost of BillyBaka the Ducker, an amateur GnWn (D:3)
  A swamp worm (shapeshifter) (Depths:3)
  A harpy simulacrum (IceCv)
  10 wargs
  2 acid dragons (D:9)
  A hydra simulacrum (IceCv)
  45 nagas
  16 swamp worms
  8 hell hounds
  2 spatial vortices (WizLab)
  26 water moccasins
  A glowing shapeshifter skeleton (Vaults:2)
  10 swamp drakes
  43 orc warriors
  An ice beast (D:7)
  19 ogres
  3 black bears
  22 wolves
  A sky beast (D:8)
  2 boggarts (Depths:1)
  6 human skeletons
  A phantom (D:5)
  13 centaurs
  21 kobold brigands
  5 elf zombies (Elf:3)
  5 earth elementals
  11 bullfrogs
  A scorpion (D:3)
  2 two-headed ogre simulacra (IceCv)
  A cane toad simulacrum (IceCv)
  3 gnoll sergeants
  3 wights (D:7)
  5 killer bees
  5 howler monkeys
  6 electric eels
  A crimson imp (WizLab)
  5 hounds
  7 jellies
  19 orc priests
  3 sleepcaps
  Crazy Yiuf (D:5)
  3 gnoll boudas
  3 iguanas
  27 orc wizards
  A polar bear simulacrum (IceCv)
  3 troll simulacra (IceCv)
  2 spriggan simulacra (IceCv)
  3 wolf simulacra (IceCv)
  32 gnolls
  4 naga simulacra (IceCv)
  10 adders
  2 shadow imps
  4 white imps
  7 ufetubi
  3 worms
  A dart slug (D:3)
  93 orcs
  7 ball pythons
  4 bats
  10 endoplasms
  3 giant cockroaches
  10 goblins
  11 hobgoblins
  5 jackals
  4 quokkas
  3 frilled lizards
  25 kobolds
  4 rats
  4 briar patches (Swamp:4)
  A lurking horror (WizLab)
  A starspawn tentacle (WizLab)
2365 creatures vanquished.

Vanquished Creatures (others)
  Vv (Depths:2)
  Mlioglotl (Snake:4)
  A deep elf blademaster (Elf:3)
  A walking frostbound tome (Depths:1)
  A draconian knight (Zot:3)
  A nagaraja (Snake:4)
  A vault warden (Vaults:4)
  2 ironbound preservers
  A deep elf elementalist (Elf:3)
  A war gargoyle (Vaults:4)
  A stone giant (Depths:1)
  2 eleionomae
  A peacekeeper (Vaults:2)
  2 hydras
  An ogre mage (Vaults:5)
  An alligator (Swamp:3)
  2 dancing weapons (Elf:2)
  A two-headed ogre (Volcano)
  A centaur warrior (D:15)
  A deep troll earth mage (Depths:2)
  A deep elf knight (Elf:3)
  A shock serpent (Snake:3)
  A skeletal warrior (Vaults:2)
  A spriggan druid (Swamp:3)
  A deep troll (Vaults:2)
  A swamp dragon (Swamp:4)
  A wizard (D:15)
  A deep elf archer (Elf:2)
  2 ugly things
  A mana viper (Snake:3)
  A deep elf pyromancer (Elf:1)
  A faun (Zig:9)
  A salamander (Volcano)
  3 black mambas
  A yaktaur (Vaults:2)
  An ice devil (IceCv)
  A komodo dragon (D:11)
  A bloated husk (Swamp:3)
  2 blink frogs
  2 slime creatures
  A water elemental (Elf:3)
  A naga (Snake:2)
  A spatial vortex (WizLab)
  A swamp worm (Swamp:4)
  2 orc warriors
  A centaur (D:15)
  A kobold brigand (D:11)
  An orc (Vaults:5)
  A kobold (D:7)
  30 foxfires
  14 fungi
  43 plants
  5 starspawn tentacles (WizLab)
  9 toadstools (Swamp:1)
160 creatures vanquished.

Grand Total: 2525 creatures vanquished

Notes
Turn   | Place    | Note
-------+----------+-------------------------------------------
     0 | D:1      | cforsyth the Formicid Fighter began the quest for the Orb.
     0 | D:1      | Reached XP level 1. HP: 18/18 MP: 1/1
   179 | D:1      | Reached XP level 2. HP: 24/24 MP: 2/2
   621 | D:1      | Found a faded altar of an unknown god.
   682 | D:1      | Reached XP level 3. HP: 26/30 MP: 3/3
  1226 | D:2      | Reached XP level 4. HP: 37/37 MP: 4/4
  1611 | D:3      | Reached XP level 5. HP: 23/42 MP: 5/5
  1942 | D:3      | Reached XP level 6. HP: 45/49 MP: 6/6
  1946 | D:3      | Reached skill level 5 in Maces & Flails
  2032 | D:3      | Found a runed translucent door.
  2035 | D:3      | Noticed BillyBaka's ghost (amateur GnWn)
  2055 | D:3      | Found a runed translucent door.
  2077 | D:3      | Identified the +0 mace "Mompisan" {heavy, rC+}
  2326 | D:3      | Reached skill level 5 in Fighting
  2543 | D:4      | Noticed a black bear
  2556 | D:3      | Reached XP level 7. HP: 47/56 MP: 7/7
  3126 | D:4      | Found a staircase to the Ecumenical Temple.
  3151 | Temple   | Entered the Ecumenical Temple
  3376 | D:4      | Found a sacrificial altar of Ru.
  3420 | D:4      | Became a worshipper of Ru the Awakened
  3595 | D:5      | Entered Level 5 of the Dungeon
  4159 | D:5      | Reached XP level 8. HP: 61/64 MP: 8/8
  4338 | D:5      | Identified the +0 cloak of Lafan {-Tele rC+ Stlth+}
  4439 | D:5      | Found a runed translucent door.
  4440 | D:5      | Noticed Crazy Yiuf
  5103 | D:6      | You are sucked into a shaft and drop 3 floors!
  5111 | D:9      | Identified a scroll of acquirement
  5116 | D:9      | Acquired a manual of Shields
  5170 | D:9      | Noticed Psyche
  5188 | D:9      | Killed Psyche
  5189 | D:9      | Reached XP level 9. HP: 31/72 MP: 9/9
  5194 | D:9      | Found a white marble altar of Elyvilon.
  5202 | D:9      | Gained mutation: You cannot train Dodging skill. [Ru
                  | sacrifice]
  5202 | D:9      | Reached * piety under Ru
  5228 | D:9      | Noticed a two-headed ogre
  5239 | D:9      | Killed a two-headed ogre
  5284 | D:9      | Found a flagged portal.
  5291 | Bailey   | Entered a bailey
  5710 | Bailey   | Reached skill level 10 in Maces & Flails
  5822 | Bailey   | Reached XP level 10. HP: 66/81 MP: 10/10
  5993 | Bailey   | Reached skill level 5 in Armour
  6050 | Bailey   | Noticed an orc knight
  6091 | Bailey   | Killed an orc knight
  6146 | Bailey   | Identified the +4 tower shield "Folautwu" {Rampage rC+
                  | Int+3}
  6553 | D:9      | Noticed a swamp dragon
  6564 | D:9      | Killed a swamp dragon
  6716 | D:7      | Found Xauroll's General Store.
  7610 | D:7      | Reached skill level 10 in Shields
  7880 | D:6      | Gained mutation: You are hated by all. [Ru sacrifice]
  7880 | D:6      | Reached ** piety under Ru
  7880 | D:6      | Reached *** piety under Ru
  8029 | D:7      | Found a radiant altar of Vehumet.
  8034 | D:7      | Found a sparkling altar of Nemelex Xobeh.
  8144 | D:7      | Found a broken altar of Ashenzari.
  8860 | D:8      | Reached XP level 11. HP: 75/89 MP: 11/11
  9259 | D:8      | Noticed a deep elf zephyrmancer
  9286 | D:8      | Killed a deep elf zephyrmancer
  9969 | D:10     | Entered Level 10 of the Dungeon
 10768 | D:10     | Found an ornate altar of the Wu Jian Council.
 10822 | D:10     | Noticed Gastronok
 11822 | D:10     | Found Fog Yff's Magic Scroll Shoppe.
 11835 | D:10     | Found a staircase to the Lair.
 11861 | Lair:1   | Entered Level 1 of the Lair of Beasts
 11861 | Lair:1   | Noticed an elephant
 11861 | Lair:1   | Noticed an elephant
 11863 | Lair:1   | Noticed an elephant
 11867 | Lair:1   | Noticed an elephant
 11882 | D:10     | Killed an elephant
 11883 | D:10     | Reached skill level 10 in Fighting
 12094 | D:11     | Noticed a cyclops
 12111 | D:11     | Killed a cyclops
 12136 | D:11     | Identified the +3 leather armour of the Hidden Vale {rN+
                  | Dex+4}
 12163 | D:11     | Noticed a green ugly thing
 12198 | D:11     | Killed a green ugly thing
 12335 | D:11     | Noticed a cyclops
 12338 | D:11     | Killed a cyclops
 12450 | D:11     | Found a staircase to the Orcish Mines.
 12469 | D:11     | Noticed a cyclops
 12476 | D:11     | Killed a cyclops
 12678 | D:11     | Reached XP level 12. HP: 89/98 MP: 12/12
 12918 | D:12     | Found Vagriv's Magic Scroll Shoppe.
 13170 | D:12     | Noticed a boulder beetle
 13265 | D:12     | Killed a boulder beetle
 14939 | Lair:2   | Reached XP level 13. HP: 105/106 MP: 13/13
 14940 | Lair:2   | Reached skill level 15 in Shields
 15028 | Lair:2   | Identified the +0 scale mail "Zumitioq" {Will+ rCorr}
 15247 | Lair:2   | Found a staircase to the Swamp.
 15376 | Lair:2   | Found a dark tunnel.
 15387 | Volcano  | Entered a volcano
 15829 | Volcano  | Reached skill level 10 in Armour
 16651 | Lair:3   | Reached skill level 15 in Maces & Flails
 16761 | Lair:3   | Found a gate leading to a gauntlet.
 16769 | Gauntlet | Entered a Gauntlet
 16769 | Gauntlet | Found a transporter.
 16769 | Gauntlet | Found a transporter.
 16795 | Gauntlet | Found a transporter.
 16795 | Gauntlet | Found a transporter.
 16807 | Gauntlet | Found a transporter.
 16808 | Gauntlet | Found a transporter.
 16819 | Gauntlet | Found a transporter.
 16836 | Gauntlet | Noticed a green death
 16836 | Gauntlet | Found a transporter.
 16840 | Gauntlet | Found a runed translucent door.
 16854 | Gauntlet | Found a transporter.
 16855 | Gauntlet | Found a transporter.
 16863 | Gauntlet | Found a transporter.
 16866 | Gauntlet | Found a transporter.
 16900 | Gauntlet | Noticed a catoblepas
 17018 | Gauntlet | Identified the +0 pair of boots of the Sailor {Str+3}
 17037 | Gauntlet | Gained mutation: You cannot study or use magical devices.
                  | [Ru sacrifice]
 17037 | Gauntlet | Reached **** piety under Ru
 17037 | Gauntlet | Reached ***** piety under Ru
 17226 | Gauntlet | Noticed a minotaur
 17231 | Gauntlet | Killed a minotaur
 17388 | Lair:3   | Found a staircase to the Snake Pit.
 18260 | Lair:4   | Reached XP level 14. HP: 75/116 MP: 14/14
 18961 | Lair:5   | Entered Level 5 of the Lair of Beasts
 19044 | Lair:5   | Found a staircase to the Slime Pits.
 19069 | Lair:5   | Found a frozen archway.
 19095 | Lair:5   | Gained mutation: You cannot be stealthy. [Ru sacrifice]
 19194 | IceCv    | Entered an ice cave
 19865 | IceCv    | Noticed a reaper
 19878 | IceCv    | Killed a reaper
 20231 | Lair:5   | Noticed Josephine
 20254 | Lair:5   | Killed Josephine
 21054 | Lair:5   | Reached XP level 15. HP: 103/124 MP: 15/15
 21351 | Lair:5   | Found a burning altar of Makhleb.
 21653 | Lair:5   | Found a gateway to Hell.
 21804 | Lair:5   | Noticed Snorg
 21814 | Lair:5   | Killed Snorg
 22543 | Orc:1    | Entered Level 1 of the Orcish Mines
 22680 | Orc:1    | Gained mutation: You cannot study or cast Air magic. [Ru
                  | sacrifice]
 22680 | Orc:1    | Gained mutation: You cannot study or cast Transmutations
                  | magic. [Ru sacrifice]
 22680 | Orc:1    | Gained mutation: You cannot study or cast Conjurations
                  | magic. [Ru sacrifice]
 22680 | Orc:1    | Reached ****** piety under Ru
 23370 | Orc:2    | Entered Level 2 of the Orcish Mines
 24697 | D:14     | Found a gate to the Vaults.
 24726 | D:14     | Reached XP level 16. HP: 134/134 MP: 16/16
 26060 | D:14     | Found a runed translucent door.
 26066 | D:14     | Found a runed translucent door.
 26109 | D:14     | Found an iron altar of Okawaru.
 26251 | D:14     | Found a runed translucent door.
 26282 | D:15     | Entered Level 15 of the Dungeon
 26858 | D:15     | Reached skill level 15 in Fighting
 26994 | D:15     | Found a staircase to the Depths.
 27363 | D:15     | Found a transporter.
 27365 | D:15     | Found a transporter.
 27374 | D:15     | Noticed Jumeycle's ghost (journeyman GrEE)
 27383 | D:15     | Found a bloodstained altar of Trog.
 27883 | D:3      | Killed BillyBaka's ghost
 28018 | D:5      | Killed Crazy Yiuf
 28163 | D:10     | Found a staircase to the Lair.
 28186 | D:10     | Found Fog Yff's Magic Scroll Shoppe.
 28278 | D:10     | Found an ornate altar of the Wu Jian Council.
 28341 | D:10     | Killed Gastronok
 28635 | D:14     | Got the Excursus on Malisons
 29341 | Orc:2    | Noticed Nergalle
 29354 | Orc:2    | Killed Nergalle
 29388 | Orc:2    | Reached XP level 17. HP: 86/134 MP: 17/17
 29752 | Orc:2    | Found Jaysumub's Antique Armour Shop.
 29754 | Orc:2    | Found Vyroyzxupi's Jewellery Shop.
 30063 | Orc:2    | Found Peenis's General Store.
 30075 | Orc:2    | Noticed Azrael
 30099 | Orc:2    | Killed Azrael
 30234 | Orc:2    | Found Zasist's Antique Weapon Shop.
 30339 | Orc:2    | Found a staircase to the Elven Halls.
 30711 | Orc:2    | Bought the ring of Wufuhong {rPois MP+9} for 530 gold
                  | pieces
 30891 | Snake:1  | Entered Level 1 of the Snake Pit
 31030 | Snake:1  | Found a runed translucent door.
 31241 | Snake:1  | Found a runed translucent gate.
 31243 | Snake:1  | Found a runed translucent gate.
 31244 | Snake:1  | Found a runed translucent gate.
 31244 | Snake:1  | Noticed Ties's ghost (journeyman SpEn)
 31248 | Snake:1  | Identified the amulet "Antu" {rPois Regen+}
 31447 | Snake:1  | Found Maebel's Book Shoppe.
 31788 | Snake:1  | Found Xoufo's Jewellery Shop.
 31936 | Snake:1  | Found Taiquf's Jewellery Emporium.
 31936 | Snake:1  | Found Gudadui's Book Shop.
 31937 | Snake:1  | Found Norubo Uxya's Book Shop.
 33397 | Snake:2  | Noticed patfeehan111222's ghost (adept MiBe)
 33399 | Snake:2  | Found a transporter.
 33617 | Snake:2  | Identified the ring of Dottix {rF+ rCorr}
 33911 | Snake:2  | Found a transporter.
 34048 | Snake:2  | Reached skill level 15 in Armour
 34653 | Snake:3  | Reached XP level 18. HP: 153/153 MP: 18/18
 35199 | Snake:4  | Entered Level 4 of the Snake Pit
 36601 | Snake:3  | Identified the +3 dagger of the Toadstool {flame, Dex+3}
 37136 | Snake:4  | Noticed Aizul
 37169 | Snake:4  | Killed Aizul
 37721 | Snake:4  | Noticed Mlioglotl
 37934 | Snake:4  | Killed Mlioglotl
 38104 | Snake:4  | Got a serpentine rune of Zot
 38411 | Snake:4  | Reached XP level 19. HP: 124/164 MP: 19/19
 38508 | Snake:4  | Identified the +1 leather armour of Lyschenn {Will+}
 38780 | Swamp:1  | Entered Level 1 of the Swamp
 39337 | Swamp:1  | Noticed Donald
 39344 | Swamp:1  | Killed Donald
 41753 | Swamp:4  | Entered Level 4 of the Swamp
 41753 | Swamp:4  | Found the macabre finger necklace {Finger+ rN+}
 43170 | Swamp:4  | Got a decaying rune of Zot
 43398 | Swamp:4  | Reached XP level 20. HP: 136/176 MP: 20/20
 43838 | Vaults:1 | Entered Level 1 of the Vaults
 43838 | Vaults:1 | Found Kuuclup's Assorted Antiques.
 44650 | Vaults:1 | Found Xicruc's Weapon Emporium.
 44792 | Vaults:1 | Identified the +0 pair of boots "Jyssar" {Str+3 Dex+3}
 44822 | Vaults:1 | Found Tupp's General Store.
 45091 | Vaults:1 | Found Vezunargh's Antique Armour Shop.
 46243 | Vaults:1 | Upgraded the game from 0.30-a0-956-gcec3b41aec to
                  | 0.30-a0-964-gd452b5e7fa
 46767 | Vaults:2 | Found Yffucrec's Antique Weapon Emporium.
 46907 | Vaults:2 | Found Neydoon's Antique Weapon Emporium.
 47068 | Vaults:2 | Found a portal to a secret trove of treasure.
 47206 | Vaults:2 | Reached XP level 21. HP: 187/187 MP: 21/21
 48388 | Vaults:2 | Found Esant's Weapon Boutique.
 48575 | Vaults:2 | Found a staircase to the Crypt.
 48648 | Vaults:2 | Found Quav's Distillery.
 49203 | Elf:1    | Entered Level 1 of the Elven Halls
 49638 | Elf:1    | Noticed Zenata
 49657 | Elf:1    | Killed Zenata
 50484 | Elf:1    | Reached XP level 22. HP: 200/200 MP: 22/22
 51162 | Elf:2    | Found a runed translucent door.
 51186 | Elf:2    | Found a runed translucent door.
 52234 | Elf:3    | Entered Level 3 of the Elven Halls
 52778 | Elf:3    | Got the Spellbook of Unhallowed Arts
 53022 | Elf:3    | Identified the +10 mace of Dullness {holy, rCorr}
 53632 | Elf:3    | Identified the amulet "Noevick" {Will+ Regen+ Dex+3 SInv}
 54026 | Elf:3    | Identified the ring of Lugonu, Thieving {rElec rN+ Str+6}
 54035 | Elf:3    | Reached XP level 23. HP: 199/211 MP: 23/23
 54115 | Elf:3    | Identified the +1 chain mail "Keghaw" {Rampage rF+}
 54129 | Elf:3    | Identified the +7 war axe "Laom" {freeze, rC+++ Int-3
                  | Stlth+}
 54129 | Elf:3    | Identified the ring "Noerekh" {rF+ rC+++ Will- Int+4}
 54158 | Elf:3    | Identified the amulet "Iryd Woc" {RegenMP Int+4}
 54186 | Elf:3    | Identified the staff of death "Ophem" {rN+ Int+3}
 54316 | Elf:3    | Identified the staff of earth "Dacsit" {rPois Will- Str+8
                  | Int+2}
 54744 | Vaults:3 | Found a magical portal.
 54753 | WizLab   | Entered The Roulette of Golubria
 54753 | WizLab   | Found a transporter.
 54756 | WizLab   | Found a corrupted altar of Lugonu.
 54995 | WizLab   | Found a transporter.
 54995 | WizLab   | Found a transporter.
 55015 | WizLab   | Found a transporter.
 55027 | WizLab   | Found a transporter.
 55051 | WizLab   | Found a transporter.
 55112 | WizLab   | Found a transporter.
 55329 | WizLab   | Found a transporter.
 55329 | WizLab   | Found a transporter.
 55365 | WizLab   | Found a transporter.
 55400 | WizLab   | Found a transporter.
 55411 | WizLab   | Found a transporter.
 55411 | WizLab   | Found a transporter.
 55441 | WizLab   | Found a transporter.
 55441 | WizLab   | Found a transporter.
 55459 | WizLab   | Identified the +1 cloak of Unambiguity {Str+2}
 55460 | WizLab   | Identified the +1 cloak of Distant Worlds {rF+}
 55498 | WizLab   | Got Golubria's Tome of the Slime-mould
 55520 | WizLab   | Found a transporter.
 55537 | WizLab   | Found a transporter.
 55537 | WizLab   | Found a transporter.
 55555 | WizLab   | Identified the ring "Pughuxt" {Fly Dex+3}
 55589 | WizLab   | Found a transporter.
 55589 | WizLab   | Found a transporter.
 57164 | Vaults:4 | Noticed Xtahua
 57172 | Vaults:4 | Killed Xtahua
 57609 | Vaults:4 | Reached XP level 24. HP: 216/222 MP: 23/23
 57947 | Vaults:5 | Entered Level 5 of the Vaults
 57956 | Vaults:5 | Noticed Mennas
 58101 | Vaults:5 | Killed Mennas
 58570 | Vaults:5 | Noticed a golden dragon
 59079 | Vaults:5 | Noticed Frederick
 60003 | Vaults:4 | Killed a golden dragon
 60762 | Vaults:4 | Killed Frederick
 61161 | Vaults:5 | Identified the +2 leather armour "Wite" {Rampage rPois
                  | Will- Str+2}
 61357 | Vaults:5 | Got a silver rune of Zot
 61365 | Vaults:5 | Identified the amulet of Utoss {Drain rElec rF+ Regen+
                  | Int+3}
 61378 | Vaults:5 | Identified the staff of air "Xahyngac" {rElec Will+ Str+3}
 61462 | Vaults:5 | Reached XP level 25. HP: 192/232 MP: 23/23
 61682 | Vaults:5 | Noticed a dread lich
 61692 | Vaults:5 | Killed a dread lich
 61840 | Vaults:5 | Found Peoved's Weapon Shoppe.
 61843 | Vaults:5 | Found Jielode's Magic Scroll Boutique.
 62063 | Depths:1 | Entered Level 1 of the Depths
 62166 | Depths:1 | Found Ziniabim's Armour Shoppe.
 62171 | Depths:1 | Found Gaffeklo's Assorted Antiques.
 62186 | Depths:1 | Noticed Louise
 62187 | Depths:1 | Found a one-way gate to the infinite horrors of the Abyss.
 62199 | Depths:1 | Killed Louise
 62640 | Depths:1 | Found a shimmering blue altar of Sif Muna.
 62717 | Depths:1 | Found a one-way gateway to a ziggurat.
 62868 | Depths:1 | Identified the amulet "Jylau" {RegenMP rF+}
 63574 | Depths:2 | Noticed Nikola
 63860 | Depths:1 | Killed Nikola
 64443 | Depths:2 | Noticed Grunn
 64469 | Depths:1 | Killed Grunn
 64510 | Depths:2 | Noticed Vv
 64539 | Depths:2 | Killed Vv
 65077 | Depths:2 | Found a one-way gate leading to the halls of Pandemonium.
 65190 | Depths:3 | Noticed the Enchantress
 65214 | Depths:3 | Killed the Enchantress
 65215 | Depths:3 | Reached skill level 27 in Fighting
 65560 | Depths:3 | Reached XP level 26. HP: 237/237 MP: 23/23
 65988 | Depths:3 | Acquired 408 gold pieces
 66586 | Depths:4 | Entered Level 4 of the Depths
 66821 | Depths:4 | Reached skill level 27 in Armour
 67007 | Depths:4 | Found a gate to the Realm of Zot.
 67948 | Zot:1    | Entered Level 1 of the Realm of Zot
 68482 | Zot:1    | Reached XP level 27. HP: 249/249 MP: 23/23
 68941 | Zot:1    | Noticed an ancient lich
 68955 | Zot:1    | Killed an ancient lich
 70746 | Zot:3    | Identified the +2 chain mail "Usegumi" {rElec rPois}
 72035 | Zot:4    | Reached skill level 27 in Shields
 72144 | Zot:4    | Found a transporter.
 72160 | Zot:4    | Found a transporter.
 72730 | D:15     | Killed Jumeycle's ghost
 72985 | Snake:1  | Killed Ties's ghost
 73011 | Snake:1  | Acquired 441 gold pieces
 73079 | Snake:1  | Identified the staff of conjuration "Kaaxku" {rElec rN+
                  | Int+5 Stlth-}
 73226 | Snake:2  | Killed patfeehan111222's ghost
 73879 | Zig:1    | Entered Level 1 of a ziggurat
 73902 | Zig:2    | Entered Level 2 of a ziggurat
 73942 | Zig:3    | Entered Level 3 of a ziggurat
 73971 | Zig:3    | Identified the ring "Nodi" {rC+ Will++ rCorr}
 73973 | Zig:3    | Identified the +1 chain mail of the Thistle {Int+2 Dex+2}
 73978 | Zig:4    | Entered Level 4 of a ziggurat
 74002 | Zig:4    | Identified the ring of Zeokk {rC+ Str+3 SInv}
 74009 | Zig:5    | Entered Level 5 of a ziggurat
 74011 | Zig:5    | Noticed a shard shrike
 74012 | Zig:5    | Noticed a shard shrike
 74017 | Zig:5    | Killed a shard shrike
 74029 | Zig:5    | Killed a shard shrike
 74039 | Zig:5    | Identified the +1 shortbow "Meinlifoec" {drain, rC+ Dex+3}
 74069 | Zig:6    | Entered Level 6 of a ziggurat
 74107 | Zig:6    | Identified the +9 storm dragon scales of Skepticism
                  | {Rampage rElec rC+ rN+}
 74127 | Zig:7    | Entered Level 7 of a ziggurat
 74409 | Zig:7    | Identified the staff of earth "Daogg" {rC+}
 74622 | Zig:8    | Entered Level 8 of a ziggurat
 74630 | Zig:8    | Noticed a juggernaut
 74645 | Zig:8    | Killed a juggernaut
 74650 | Zig:8    | Reached skill level 27 in Maces & Flails
 74657 | Zig:8    | Reached skill level 1 in Spellcasting
 74743 | Zig:8    | Identified the ring of Uciyhuz {rCorr Dex+2}
 74753 | Zig:8    | Identified the +2 shortbow of the Yoke {flame, Int+2}
 74880 | Zig:9    | Entered Level 9 of a ziggurat
 74890 | Zig:9    | Found the +5 scythe "Finisher" {speed, eviscerate}
 75014 | Zig:9    | Identified the +10 shortbow of Outrage {heavy, Int+6}
 75114 | Zig:10   | Entered Level 10 of a ziggurat
 75161 | Zig:10   | Reached skill level 5 in Spellcasting
 75457 | Zig:10   | Identified the +0 kite shield of Honour {rPois Str-5
                  | Stlth+}
 75574 | Zig:11   | Entered Level 11 of a ziggurat
 75802 | Zig:11   | Found the +7 captain's cutlass {speed, disarm}
 75803 | Zig:11   | Found the +8 autumn katana {manifold assault}
 75824 | Zig:11   | Reached skill level 5 in Ice Magic
 75826 | Zig:11   | Identified the ring "Muompot" {EV+5 Slay+3}
 75870 | Zig:12   | Entered Level 12 of a ziggurat
 75994 | Zig:12   | Identified the ring of the Hero {Contam rF+ rN+ rCorr}
 76005 | Zig:12   | Identified the +1 helmet "Otaats" {rPois rF++ Regen+ Str-2}
 76018 | Zig:12   | Reached skill level 10 in Spellcasting
 76022 | Zig:12   | Identified the +8 great mace "Haucim" {holy, *Noise rC+
                  | Str+5 Dex+3}
 76037 | Zig:13   | Entered Level 13 of a ziggurat
 76054 | Zig:13   | Noticed a dread lich
 76068 | Zig:13   | Killed a dread lich
 76187 | Zig:13   | Identified the +5 chain mail of Neijosum {rF+ rN+}
 76190 | Zig:13   | Identified the +3 bardiche "Uschogiem" {venom, Dex+2}
 76193 | Zig:13   | Identified the staff of earth "Gaenuj" {rF- Str+5}
 76195 | Zig:13   | Identified the staff of poison "Rofiu" {rPois rN+}
 76196 | Zig:13   | Identified the ring of the Blue Skies {Fire Str+4 Int-2
                  | Stlth+}
 76245 | Zig:14   | Entered Level 14 of a ziggurat
 76259 | Zig:14   | Noticed a Killer Klown
 76259 | Zig:14   | Noticed a Killer Klown
 76260 | Zig:14   | Noticed Geoneaju the pandemonium lord
 76260 | Zig:14   | Noticed a Killer Klown
 76260 | Zig:14   | Noticed a Killer Klown
 76260 | Zig:14   | Noticed a Killer Klown
 76260 | Zig:14   | Noticed Xurang the pandemonium lord
 76260 | Zig:14   | Noticed Oziytebe the pandemonium lord
 76261 | Zig:14   | Noticed Ligor the pandemonium lord
 76266 | Zig:14   | Killed a Killer Klown
 76286 | Depths:1 | HP: 1/233 [Oziytebe the pandemonium lord (38)]
 76287 | Depths:1 | Slain by a Killer Klown

Illustrated notes

Levels and vault maps discovered:
D:1:      saegor_arrival_simple_d, layout_loops_cross,
          shapermc_ecumenical_altar_mp_highgroup
D:2:      layout_loops_ring
D:3:      layout_rooms, ebering_ghost_sewer_f, cheibrodos_gnoll_hut
D:4:      layout_basic, nicolae_ru_the_path_less_chosen,
          minmay_temple_entry_glass, kennysheep_small_spiral, minmay_manual_mess
D:5:      cheibrodos_thug_alley, layout_loops_ring, uniq_crazy_yiuf_cottage
D:6:      layout_rooms
D:7:      layout_layer_cave, mainiacjoe_overflow_concentric_impassable,
          mainiacjoe_overflow_big_doors, serial_shops, shop, minmay_holes
D:8:      layout_basic, minivault_25, guppyfry_early_elven_hall
D:9:      minmay_distorted_concentric_squares, layout_cave_pools,
          mainiacjoe_overflow_boulevard, enter_bailey_3, uniq_psyche
D:10:     layout_gridville, nicolae_wu_jian_wuxing_cycle,
          erik_lair_orcish_takeover, serial_shops, shop, uniq_gastronok
D:11:     layout_roguey [special_room_kobold], orc_0_dummy,
          chequers_hall_statues_wall_a
D:12:     layout_loops_ring, serial_shops, nicolae_shop_statue_plus
D:13:     layout_irregular_city, serial_column_ruins,
          column_ruins_square_medium, column_ruins_hut,
          column_ruins_corridor_corner, column_ruins_grid_1,
          column_ruins_columns_corner, column_ruins_grid_3
D:14:     layout_rooms, lightli_vaults_fourway_checkpoint,
          okawaru_ov_weapons_minmay, mikee_hates_you
D:15:     gammafunk_enter_depths_forms, layout_basic, hangedman_decor_points,
          gammafunk_ghost_wrathful_warriors, minmay_protected_statue
Temple:   nicolae_temple_slightly_damp_pantheon
Lair:1:   layout_gridlike
Lair:2:   layout_hall_layers, skrybe_swamp_entry_bodies, enter_volcano_2
Lair:3:   layout_roguey, guppyfry_snake_entry_garden, gauntlet_entry_generic
Lair:4:   layout_misc_corridors, pdpol_lair_cavern_descent
Lair:5:   evil_forest, layout_small_grid, nicolae_slime_entry_field_trip,
          portal_ice_cave_entry_pillars_2, serial_bayou_ford_a,
          nicolae_lair_run_with_the_wolves, uniq_josephine, uniq_snorg
Swamp:1:  cheibrodos_swamp_tower_of_moss, layout_basic_swamp, serial_swamp_ruin,
          evilmike_swamp_ruin_house_3, evilmike_swamp_ruin_house_5,
          evilmike_swamp_ruin_house_2, uniq_donald
Swamp:2:  layout_basic_swamp, nicolae_swamp_very_dense_foliage
Swamp:3:  layout_basic_swamp, nicolae_swamp_tree_isthmus
Swamp:4:  swamp_basic_johnstein, layout_basic_swamp
Snake:1:  layout_layer_cave, serial_shops, shop, nicolae_take_the_stairs,
          gammafunk_ghost_split, lightli_airlock, minmay_shop_grove,
          serial_bayou_shore_b
Snake:2:  layout_chambers, gammafunk_ghost_arena
Snake:3:  nicolae_snake_attic_fulla_snakes, layout_gridlike, lemuel_fruit_tree
Snake:4:  grunt_snake_rune_spirals, layout_onion, nicolae_snake_double_loop,
          uniq_aizul, uniq_mlioglotl
Orc:1:    layout_caves, nicolae_orc_damp_corner, minmay_orc_temple_b
Orc:2:    grunt_orc_cross, layout_caves, kennysheep_orc_chapel, uniq_azrael
Elf:1:    minmay_elf_arrival_summoners, layout_geoelf_octagon,
          hangedman_elf_represent, grunt_megastairs_3, uniq_zenata
Elf:2:    elven_hall_of_blades_hangedman_original
          [nicolae_blade_entry_splitting_headache], layout_rooms
Elf:3:    nooodl_elf_gasket, layout_geoelf_grid, minmay_elf_necromancy
Vaults:1: ontoclasm_vaults_idyll, v_misc_12,
          hangedman_vaults_stretched_pinwheel, hangedman_vaults_stream,
          v_misc_12, vaults_room_fancy_cross, hangedman_vaults_pinch,
          hangedman_vaults_impose, v_misc_19, dpeg_vaults_monster_row,
          ontoclasm_vaults_chip, ontoclasm_vaults_fault,
          nicolae_vaults_specimen_jars, layout_vaults_big_cross, serial_shops,
          nicolae_shop_window_shopping, nicolae_shop_advertising_works
          [nicolae_subvault_shop_adworks], shop_statue, shop
Vaults:2: hangedman_vaults_locks, minmay_crypt_entry_skeletal_spiral,
          vaults_room_guarded_vault, v_alt_pattern_6, v_misc_3,
          nicolae_vaults_twisting_passages, v_misc_16, serial_ice_g,
          nicolae_vaults_theta, layout_vaults_big_room, enter_trove_2,
          serial_shops, shop, nicolae_shop_stone, nicolae_square_shop,
          nicolae_shop_bloodbath_and_beyond
Vaults:3: mu_enter_wizlab_3, v_misc_5, hangedman_vaults_maws,
          hangedman_vaults_impose, nicolae_vaults_three_branches,
          nicolae_vaults_murderbox, v_misc_29, v_pattern_2,
          ontoclasm_vaults_loading_screen, vaults_dpeg_emergency_exit,
          layout_vaults_omnigrid
Vaults:4: v_rooms_2, nicolae_vaults_diagonal_hallway_8, v_misc_15,
          hangedman_vaults_trim, v_rooms_3, hangedman_vaults_corner,
          hangedman_vaults_nails, grunt_vaults_trifunnel, grunt_vaults_focal,
          vaults_room_fancy_cross, layout_vaults_omnibox, uniq_xtahua
Vaults:5: uniq_mennas, uniq_frederick
Depths:1: layout_long_grid, enter_ziggurat_a,
          nicolae_abyss_entry_one_way_or_another, chequers_decorated_corner,
          grunt_hell_entry_dis_mu, hangedman_abyss_or_decor_passed,
          hangedman_summoners_spam, minmay_shop_star, serial_bayou_shore_b,
          serial_bayou_shore_b
Depths:2: minmay_ambush_box, layout_gridville, rand_demon_pan_entry_8,
          abyss_entry, hell_entry, grunt_megastairs_2,
          infiniplex_staircase_trident, uniq_nikola, uniq_vv, uniq_grunn
Depths:3: minmay_polygon_palace, layout_gridlike, abyss_entry_small_statue_room,
          hellmouth_1, kennysheep_pointless_box, uniq_josephina,
          uniq_enchantress
Depths:4: grunt_zot_entry_funnels, layout_honeycomb,
          nicolae_hepliaklqana_hippocampus, grunt_mini_vestibule, pan_entry
Zot:1:    layout_gridlike, lemuel_lich_library
Zot:2:    layout_cellular_growth
Zot:3:    layout_concentric_octagons
Zot:4:    gammafunk_sealed_arena, layout_basic, st_small_dragon_hoard_2,
          skrybe_zot_glass_2

Skill      XL: |  1  2  3  4  5  6  7  8  9 10 11 12 13 14 15 16 17 18 19 20 21 22 23 24 25 26 27 |
---------------+----------------------------------------------------------------------------------+-----
Maces & Flails | 3 4 5 7 9 10 11 12 14 15 16 18 19 20 21 22 27 | 27.0
Fighting       | 4 5 6 7 8 9 10 11 12 13 14 15 16 18 20 21 23 24 25 26 27 | 27.0
Armour         | 4 6 8 9 10 11 12 13 15 17 19 20 22 23 25 26 27 | 27.0
Shields        | 7 10 12 14 17 18 19 20 21 22 24 27 | 27.0
Spellcasting   | 12 | 12.2
Ice Magic      | 7 |  7.3

Action                     |  1- 3 |  4- 6 |  7- 9 | 10-12 | 13-15 | 16-18 | 19-21 | 22-24 | 25-27 || total
---------------------------+-------+-------+-------+-------+-------+-------+-------+-------+-------++-------
  Melee: Flail             |    83 |   157 |   295 |  1032 |   173 |       |       |       |       ||  1740
         Great mace        |       |       |       |       |   851 |  1305 |  1401 |  1149 |  2076 ||  6782
 Invoke: Sacrifice Nimblen |       |       |     1 |       |       |       |       |       |       ||     1
         Sacrifice Love    |       |       |       |     1 |       |       |       |       |       ||     1
         Reject Sacrifices |       |       |       |     1 |       |       |       |       |       ||     1
         Draw Out Power    |       |       |       |       |     1 |       |       |       |       ||     1
         Sacrifice Artific |       |       |       |       |     1 |       |       |       |       ||     1
         Sacrifice Stealth |       |       |       |       |     1 |       |       |       |       ||     1
         Apocalypse        |       |       |       |       |     2 |     1 |     1 |     5 |     5 ||    14
         Sacrifice Arcana  |       |       |       |       |     1 |       |       |       |       ||     1
Ability: Dig               |       |       |       |       |       |     1 |       |     1 |     5 ||     7
         Shaft Self        |       |       |       |       |       |       |       |       |     1 ||     1
  Evoke: Wand              |       |       |     3 |    13 |       |       |       |       |       ||    16
    Use: Scroll            |       |       |    11 |     7 |    10 |     1 |     7 |     9 |     5 ||    50
         Potion            |       |       |     2 |     2 |     5 |     2 |       |       |    10 ||    21
   Stab: Paralysed         |       |       |     9 |    20 |     2 |     4 |     4 |    13 |    15 ||    67
         Distracted        |       |       |       |     2 |     6 |     9 |    10 |    10 |    14 ||    51
         Invisible         |       |       |       |       |     9 |     5 |     3 |     4 |    14 ||    35
 Armour: Scale mail        |    50 |    82 |     6 |       |       |       |       |       |       ||   138
         Plate armour      |       |       |   113 |   201 |   403 |   208 |   468 |   263 |       ||  1656
         Gold dragon scale |       |       |       |       |       |       |       |    88 |   994 ||  1082
  Dodge: Dodged            |    49 |    79 |    68 |    52 |   141 |    94 |   182 |   152 |   368 ||  1185
  Block: Buckler           |    21 |    39 |    94 |     7 |       |       |       |       |       ||   161
         Reflection        |       |       |     3 |    40 |    18 |   119 |    59 |    49 |       ||   288
         Tower shield      |       |       |       |  1053 |  1340 |  1266 |  1396 |  1172 |  2420 ||  8647

Table legend: (Time is in decaauts)
 A = Elapsed time spent in this place.
 B = Non-inter-level travel time spent in this place.
 C = Inter-level travel time spent in this place.
 D = Time resting spent in this place.
 E = Time spent auto-exploring this place.
 F = Levels seen in this place.
 G = Mean time per level.
                   A        B        C        D        E       F      G
               +--------+--------+--------+--------+--------+-----+--------+
         Total |  75407 |  70459 |   4948 |  16154 |  36971 |  66 | 1142.5 |
       Dungeon |  19239 |  17270 |   1969 |   3892 |   9202 |  15 | 1282.6 |
        Temple |    195 |    176 |     19 |      0 |    160 |   1 |  195.0 |
          Lair |   6784 |   6240 |    544 |    773 |   3687 |   5 | 1356.8 |
         Swamp |   5076 |   4955 |    121 |    536 |   3485 |   4 | 1269.0 |
     Snake Pit |   8080 |   7606 |    474 |    874 |   5213 |   4 | 2020.0 |
  Orcish Mines |   2649 |   2254 |    395 |    646 |   1087 |   2 | 1324.5 |
   Elven Halls |   5328 |   4983 |    345 |    909 |   2935 |   3 | 1776.0 |
        Vaults |  11378 |  10760 |    618 |   3629 |   5049 |   5 | 2275.6 |
        Depths |   5864 |   5609 |    255 |   1449 |   2847 |   4 | 1466.0 |
           Zot |   4443 |   4238 |    205 |    869 |   2412 |   4 | 1110.8 |
      Ziggurat |   2267 |   2267 |      0 |   1219 |    277 |  14 |  161.9 |
        Bailey |    974 |    974 |      0 |    331 |     50 |   1 |  974.0 |
      Ice Cave |    921 |    921 |      0 |    438 |     74 |   1 |  921.0 |
       Volcano |    738 |    738 |      0 |    480 |      0 |   1 |  738.0 |
        Wizlab |    969 |    969 |      0 |      0 |    368 |   1 |  969.0 |
      Gauntlet |    496 |    496 |      0 |    109 |    122 |   1 |  496.0 |
               +--------+--------+--------+--------+--------+-----+--------+

Top non-repeatable levels by time:
Vaults:4: 3935 daAuts
Vaults:1: 2890 daAuts
 Snake:4: 2760 daAuts
  Lair:5: 2512 daAuts
Depths:1: 2506 daAuts
Vaults:2: 2324 daAuts
    D:15: 2234 daAuts
     D:9: 2139 daAuts
   Elf:3: 2112 daAuts
 Snake:1: 2066 daAuts
   Elf:1: 1971 daAuts
 Snake:2: 1761 daAuts
    D:13: 1675 daAuts
Depths:3: 1672 daAuts
   Zot:3: 1641 daAuts
